 Dungeon Crawl Stone Soup version 0.29.0-10-g45618ea6d2 (webtiles) character file.

Game seed: 707541897523449580

308 ProzacElf the Ruffian (level 6, -1/53 HPs)
             Began as a Troll Hedge Wizard on Sept 1, 2022.
             Was an Initiate of Gozag.
             Slain by a gnoll
             ... wielding a +3 halberd
             ... led by a gnoll bouda
              (7 damage)
             ... on level 4 of the Dungeon.
             The game lasted 00:04:41 (3146 turns).

ProzacElf the Ruffian (Troll Hedge Wizard)          Turns: 3146, Time: 00:04:42

Health: -1/53      AC:  7    Str: 19    XL:     6   Next: 16%
Magic:  8/8        EV: 10    Int: 10    God:    Gozag
Gold:   288        SH:  0    Dex: 11    Spells: 8/9 levels left

rFire   + . .      SeeInvis .     - Unarmed
rCold   + . .      Faith    .   (no shield)
rNeg    . . .      Spirit   .   t - +2 robe {rF+}
rPois   .          Reflect  .   c - +0 hat
rElec   .          Harm     .   m - +0 cloak
rCorr   .          Rampage  .   (gloves unavailable)
Will    .....                   (boots unavailable)
Stlth   +.........              (no amulet)
HPRegen 0.97/turn               p - ring of protection from cold
MPRegen 0.11/turn               (no ring)

@: mighty, gold aura
A: large, unfitting armour, claws 3, regeneration 1, shaggy fur 1, tough skin 1
a: Renounce Religion, Potion Petition, Call Merchant, Bribe Branch


You were on level 4 of the Dungeon.
You worshipped Gozag.
Gozag was aware of your devotion.
You visited 1 branch of the dungeon, and saw 4 of its levels.

You collected 328 gold pieces.
You paid 40 gold pieces to Gozag.

Inventory:

Hand Weapons
 e - a +0 dagger
Armour
 c - a +0 hat (worn)
 m - a +0 cloak (worn)
 t - a +2 robe of fire resistance (worn)
Jewellery
 p - a ring of protection from cold (left claw)
Wands
 u - a wand of flame (29)
Scrolls
 g - a scroll of poison {unknown}
 i - a scroll of acquirement {unknown}
 k - 2 scrolls of identify {unknown}
 l - 2 scrolls of blinking {unknown}
 n - a scroll of fog {unknown}
 o - 2 scrolls of teleportation {unknown}
 q - a scroll of amnesia {unknown}
 s - a scroll of fear {unknown}
Potions
 a - a potion of degeneration {unknown}
 b - a potion of heal wounds {unknown}
 d - 2 potions of magic
 f - 2 potions of ambrosia {unknown}
 h - 2 potions of curing {unknown}
 j - 2 potions of might
 r - a potion of brilliance {unknown}


   Skills:
 + Level 4.0 Dodging
 - Level 1.0 Stealth
 + Level 4.2 Unarmed Combat
 - Level 2.0 Spellcasting
 - Level 0.6 Conjurations
 - Level 0.6 Summonings
 - Level 0.6 Translocations


You had 8 spell levels left.
You knew the following spells:

 Your Spells              Type           Power      Damage    Failure   Level
a - Magic Dart            Conj           8%         1d3       24%         1

Your spell library contained the following spells:

 Spells                   Type           Power      Damage    Failure   Level
 Slow                     Hex            4%         N/A       30%         1
 Blink                    Tloc           4%         N/A       36%         2
 Call Imp                 Summ           2%         N/A       36%         2
 Static Discharge         Conj/Air       1%         3-4/arc   38%         2
 Lesser Beckoning         Tloc           2%         N/A       58%         3
 Conjure Flame            Conj/Fire      1%         6-21      63%         3
 Mephitic Cloud           Conj/Pois/Air  1%         N/A       65%         3
 Sticky Flame             Conj/Fire      1%         2d3       95%         4
 Dispel Undead            Necr           1%         3d6       97%         4
 Manifold Assault         Tloc           2%         N/A       100%        5


Dungeon Overview and Level Annotations

Branches:
Dungeon (4/15)
 Temple: D:4-7

Altars:
Ashenzari
Cheibriados
Gozag
Sif Muna
Trog


Innate Abilities, Weirdness & Mutations

You are too large for most types of armour.
You have claws for hands.
Your natural rate of healing is unusually fast.
You are covered in fur. (AC +1)
You have tough skin. (AC +1)


Message History

Tha gnoll be lightly wounded.
Tha gnoll hits ye but does nay damage.
Tha gnoll bouda closely misses ye.
Ye claw tha gnoll!
Tha gnoll be severely wounded.
Tha gnoll hits ye wit' a +0 whip.
Tha gnoll bouda hits ye wit' a +0 club.
Ye take 4 damage, an' haf 19/53 hp.
Ye scratch tha gnoll.
Tha gnoll be almost dead.
Tha gnoll barely misses ye.
Tha gnoll bouda hits ye but does nay damage.
Ye completely miss tha gnoll.
Tha gnoll be almost dead.
Tha gnoll hits ye wit' a +0 whip.
Tha gnoll bouda closely misses ye.
Ye claw tha gnoll!
Ye kill tha gnoll!
Tha gnoll bouda hits ye wit' a +0 club.
* * * LOW HITPOINT WARNIN'
* * * Yer Dodgin' skill increases ta level 4!
Ye take 5 damage, an' haf 15/53 hp.
Ye scratch tha gnoll bouda.
Tha gnoll bouda be moderately wounded.
Tha kobold hits ye wit' a +0 dagger.
* * * LOW HITPOINT WARNIN'
* * * Tha gnoll bouda hits ye wit' a +0 club.
* * * LOW HITPOINT WARNIN'
* * * Ye take 4 damage, an' haf 11/53 hp.
Ye claw tha gnoll bouda!
Tha gnoll bouda be almost dead.
Tha gnoll closely misses ye.
Tha kobold closely misses ye.
Tha gnoll bouda hits ye wit' a +0 club.
* * * LOW HITPOINT WARNIN'
* * * Ye take 5 damage, an' haf 6/53 hp.
Okay, than.
It was a potion o' might.
Ye feel very mighty all o' a sudd'n.
Tha kobold hits ye wit' a +0 dagger.
* * * LOW HITPOINT WARNIN'
* * * Tha gnoll hits ye from afar wit' a +3 halberd!
Ye die...
Yer body crumbles inta a pile o' gold.

....###......###
^.#.##..........
.....#..........
....###.......##
....#.#......##
.............#
....#.#......#########
.####.##.##.....$Kg..#
......##..#.....@# .#
...##.#...#....g##..#
)).##..[...........#
)..)...#.........#.....
.....###.....$...# #...
.....##.......$....# ..
......................
..##...............#..
...................# .


You could see a gnoll bouda, a gnoll and a kobold.

Vanquished Creatures
  A gnoll bouda (D:4)
  14 gnolls
  6 adders
  An ufetubus (D:4)
  A worm (D:1)
  4 dart slugs
  4 orcs
  5 bats
  6 endoplasms
  2 giant cockroaches
  7 goblins
  5 hobgoblins
  7 jackals
  2 quokkas (D:3)
  6 ball pythons
  3 frilled lizards
  3 kobolds
  5 rats
82 creatures vanquished.

Notes
Turn   | Place    | Note
-------+----------+-------------------------------------------
     0 | D:1      | ProzacElf the Troll Hedge Wizard began the quest for the
                  | Orb.
     0 | D:1      | Reached XP level 1. HP: 16/16 MP: 2/2
   117 | D:1      | Reached skill level 1 in Unarmed Combat
   118 | D:1      | Reached XP level 2. HP: 18/24 MP: 4/4
  1037 | D:1      | Reached XP level 3. HP: 26/31 MP: 5/5
  1360 | D:2      | Reached XP level 4. HP: 33/39 MP: 6/6
  1752 | D:2      | Found a faded altar of an unknown god.
  2233 | D:3      | Found an opulent altar of Gozag.
  2240 | D:3      | Reached XP level 5. HP: 45/45 MP: 7/7
  2252 | D:3      | Became a worshipper of Gozag Ym Sagoz the Greedy
  2314 | D:3      | Found a shimmering blue altar of Sif Muna.
  2314 | D:3      | Found a snail-covered altar of Cheibriados.
  2322 | D:3      | Found a faded altar of an unknown god.
  2324 | D:3      | Found a bloodstained altar of Trog.
  2326 | D:3      | Found a broken altar of Ashenzari.
  3029 | D:4      | Reached XP level 6. HP: 43/53 MP: 8/8
  3146 | D:4      | Slain by a gnoll

Illustrated notes

Levels and vault maps discovered:
D:1:      dpeg_arrival_brainrot, layout_basic, amcnicky_mini_pool_small
D:2:      minmay_chambers_of_ones, layout_rooms,
          hellmonk_ecumenical_altar_defaced_shrine
D:3:      layout_loops_ring, mainiacjoe_overflow_paths,
          chequers_temple_overflow_minitemple, grunt_ministairs_4
D:4:      layout_cave_pools, solitary_fountain

Skill      XL: |  1  2  3  4  5  6 |
---------------+-------------------+-----
Unarmed Combat | 1 2 3 4 |  4.2
Dodging        | 2 3 4 |  4.0
Stealth        | |  1.0
Spellcasting   | |  2.0
Conjurations   | |  0.6
Summonings     | |  0.6
Translocations | |  0.6

Action                   |  1- 3 |  4- 6 || total
-------------------------+-------+-------++-------
Melee: Unarmed           |    87 |   154 ||   241
       Punch             |       |     5 ||     5
  Use: Potion            |       |     1 ||     1
 Stab: Sleeping          |       |     1 ||     1
       Distracted        |       |     2 ||     2
Armor: Robe              |    29 |    39 ||    68
Dodge: Dodged            |    70 |    81 ||   151
